 Dungeon Crawl Stone Soup version 0.30-a0-913-g9934a0ce24 (webtiles) character file.

Game seed: 17110078505696529156

869 bobarctor the Scholar of Death (level 7, -1/41 (46) HPs)
             Began as a Demonspawn Necromancer on Mar 20, 2023.
             Was a Follower of Kikubaaqudgha.
             Succumbed to their own dark miasma
             ... on level 5 of the Dungeon.
             The game lasted 00:27:21 (5574 turns).

bobarctor the Scholar of Death (DsNe)               Turns: 5574, Time: 00:27:22

HP:   -1/41 (46)    AC:  6    Str:  9    XL:     7   Next: 73%
MP:   12/14         EV: 12    Int: 18    God:    Kikubaaqudgha [*.....]
Gold: 125           SH:  0    Dex: 21    Spells: 1/18 levels left

rFire   . . .      SeeInvis .    j - +1 dagger (spect)
rCold   . . .      Faith    .    (no shield)
rNeg    . . .      Spirit   .    k - +0 troll leather armour {Pargi}
rPois   .          Reflect  .    (helmet restricted)
rElec   .          Rampage  .    (no cloak)
rCorr   .                        p - +0 pair of gloves
Will    .....                    (no boots)
Stlth   +++                      i - amulet of the acrobat
HPRegen 1.06/turn                t - +6 ring of dexterity
MPRegen 0.14/turn                (no ring)

@: lethally poisoned (-1 -> -41), about to teleport, heavily drained
A: horns 2, thin skeletal structure 1, low MP 1, shaggy fur 1
a: Renounce Religion, Unearth Wretches


You were on level 5 of the Dungeon.
You worshipped Kikubaaqudgha.
Kikubaaqudgha was aware of your devotion.
You visited 2 branches of the dungeon, and saw 6 of its levels.
You also visited: Sewer.

You collected 217 gold pieces.
You spent 92 gold pieces at shops.

Inventory:

Hand Weapons
 j - a +1 spectral dagger (weapon)
 q - a +2 spear of flaming
 u - a +0 dagger of pain
Missiles
 v - 5 boomerangs
 y - 30 poisoned darts
Armour
 a - a +0 robe
 k - a +0 troll leather armour (worn) {Pargi}
 p - a +0 pair of gloves (worn)
 r - a +2 ring mail of cold resistance
Jewellery
 i - an amulet of the acrobat (around neck)
 t - a +6 ring of dexterity (left hand)
Wands
 w - a wand of polymorph (5)
Scrolls
 d - a scroll of blinking
 h - 3 scrolls of teleportation
 l - a scroll of torment
 o - a scroll of fear {unknown}
Potions
 b - a potion of magic
 c - a potion of brilliance
 e - 2 potions of flight
 f - a potion of ambrosia
 g - a potion of haste
 m - a potion of invisibility
 n - a potion of lignification
 s - a potion of heal wounds
 z - a potion of curing
 A - a potion of berserk rage {unknown}


   Skills:
 * Level 1.8 Armour
 + Level 2.5 Dodging
 + Level 2.3 Stealth
 * Level 6.2 Spellcasting
 + Level 6.8 Necromancy


You had one spell level left.
You knew the following spells:

 Your Spells              Type           Power      Damage    Failure   Level
a - Necrotise             Necr           100%       1d9       1%          1
b - Vampiric Draining     Necr           30%        2d8       3%          3
c - Animate Dead          Necr           30%        N/A       10%         4
d - Cigotuvi's Dreadful   Necr/Pois/Air  26%        N/A       10%         2
e - Agony                 Necr           30%        N/A       26%         5
f - Sublimation of Blood  Necr           30%        N/A       1%          2

Your spell library contained the following spells:

 Spells                   Type           Power      Damage    Failure   Level
 Magic Dart               Conj           20%        1d4       16%         1
 Searing Ray              Conj           10%        2d4       24%         2
 Stone Arrow              Conj/Erth      10%        3d7       43%         3
 Animate Armour           Summ/Erth      10%        N/A       85%         4
 Fulminant Prism          Conj/Hex       2%         3d5       85%         4
 Lehudib's Crystal Spear  Conj/Erth      2%         10d2      100%        8


Dungeon Overview and Level Annotations

Branches:
Dungeon (5/15)             Temple (1/1) D:4           Sewer (visited)

Altars:
Ashenzari
Cheibriados
Fedhas
Gozag
Hepliaklqana
Kikubaaqudgha
Makhleb
Nemelex Xobeh
Okawaru
Qazlal
Ru
Trog
Uskayaw
Vehumet
Wu Jian
Xom
Yredelemnul

Shops:
D:2 :*?([

Annotations:
D:4 3 runed translucent doors, MachoJfn's ghost, amateur DsGl
D:5 Pikel


Innate Abilities, Weirdness & Mutations

You have a pair of horns on your head.
You have a somewhat thin skeletal structure. (Dex +2, Stealth+)
Your magical capacity is low. (-10% MP)
You are covered in fur. (AC +1)


Message History

Found an escape hatch in the ceiling.
Found a scroll of teleportation and a glowing leather armour.
There is an escape hatch in the ceiling here.
A lemure comes into view.
Found a stone staircase leading down.
The lemure shouts!
You hear a shout! x3
A lemure and a gnoll come into view.
Pikel, Merchant of Souls comes into view.
He is wielding a +0 whip of electrocution and wearing a +1 robe of willpower.
The gnoll shouts!
You hear a shout!
You see here a scroll of teleportation.
h - 4 scrolls of teleportation (gained 1)
The lemure shouts!
The lemure attacks as you move away! The lemure hits you.
The lemure attacks as you move away! The lemure misses you.
The lemure attacks as you move away! The lemure completely misses you.
An adder comes into view.
The lemure attacks as you move away! The lemure closely misses you.
The lemure attacks as you move away! The lemure closely misses you.
The lemure attacks as you move away! The lemure misses you.
The lemure attacks as you move away! The lemure hits you.
A jelly comes into view.
The lemure attacks as you move away! The lemure completely misses you.
Found 5 stones and a hand axe.
The lemure attacks as you move away! The lemure hits you but does no damage.
Casting: Necrotise (safe; 1% risk of failure)
Confirm with . or Enter, or press ? or * to list all spells.
A part of your flesh rots into a cloud of miasma!
You feel drained. The lemure hits you!
You hit the lemure. You headbutt the lemure.
The lemure is lightly wounded.
Your +1 spectral dagger hits the lemure.
You are engulfed in dark miasma.
You are poisoned.
You feel very sick. The lemure barely misses you.
As you read the scroll of teleportation, it crumbles to dust.
You feel strangely unstable.
You are engulfed in dark miasma.
You are lethally poisoned!
* * * LOW HITPOINT WARNING * * *
You die...
Kikubaaqudgha rasps: "You have failed me!
Welcome... death!"

##........##
#.......###
#..#..5##
##....g.#
###....##
#..5(.#
##.J..##
#..55ยง##
#.(.@..#
###....#
######


You could see 4 lemures, a jelly and a gnoll.

Vanquished Creatures
  Pargi (Sewer)
  An ice beast (D:4)
  A kobold brigand (D:5)
  A bullfrog (D:4)
  A gnoll sergeant (D:5)
  2 scorpions (D:5)
  A howler monkey (D:5)
  2 hounds (D:4)
  An iguana (D:5)
  An orc wizard (D:3)
  9 gnolls
  3 adders
  A white imp (D:5)
  3 worms
  A dart slug (D:1)
  7 orcs
  6 ball pythons
  7 bats
  9 endoplasms
  3 giant cockroaches
  3 goblins
  3 hobgoblins
  6 jackals
  32 kobolds
  6 quokkas
  5 frilled lizards
  3 rats
119 creatures vanquished.

Vanquished Creatures (others)
  A kobold zombie (D:4)
  An orc zombie (D:4)
  26 plants (D:5)
28 creatures vanquished.

Grand Total: 147 creatures vanquished

Notes
Turn   | Place    | Note
-------+----------+-------------------------------------------
     0 | D:1      | bobarctor the Demonspawn Necromancer began the quest for
                  | the Orb.
     0 | D:1      | Reached XP level 1. HP: 13/13 MP: 3/3
   255 | D:1      | Gained mutation: You have a pair of small horns on your
                  | head. [demonic ancestry]
   255 | D:1      | Reached XP level 2. HP: 19/19 MP: 1/5
  1129 | D:1      | Reached XP level 3. HP: 23/24 MP: 0/7
  1287 | D:2      | Learned a level 3 spell: Vampiric Draining
  1377 | D:2      | Found Imoafosi's Magic Scroll Emporium.
  1387 | D:2      | Bought a scroll of identify for 28 gold pieces
  1387 | D:2      | Bought a scroll of teleportation for 42 gold pieces
  1391 | D:2      | Gained mutation: You have a pair of horns on your head.
                  | [potion of mutation]
  1392 | D:2      | Lost mutation: You have a pair of horns on your head.
                  | [potion of mutation]
  1392 | D:2      | Gained mutation: Your magical capacity is low. (-10% MP)
                  | [potion of mutation]
  1392 | D:2      | Gained mutation: You are covered in fur. (AC +1) [potion of
                  | mutation]
  1474 | D:2      | Reached skill level 5 in Necromancy
  1537 | D:2      | Found Anapp's General Store.
  1545 | D:2      | Bought a scroll of identify for 22 gold pieces
  1551 | D:2      | Found Xaism's Book Emporium.
  1640 | D:2      | Found Wadill's Antique Armour Shop.
  1756 | D:2      | Found Binkeurph's Weapon Shoppe.
  2025 | D:3      | Reached XP level 4. HP: 30/30 MP: 7/7
  2561 | D:3      | Found an ornate altar of the Wu Jian Council.
  2669 | D:3      | Reached XP level 5. HP: 27/35 MP: 2/9
  3083 | D:4      | Found a runed translucent gate.
  3083 | D:4      | Found a runed translucent gate.
  3085 | D:4      | Found a runed translucent gate.
  3088 | D:4      | Noticed MachoJfn's ghost (amateur DsGl)
  3154 | D:4      | Found a staircase to the Ecumenical Temple.
  3162 | D:4      | Noticed an ice beast
  3169 | D:4      | Killed an ice beast
  3171 | Temple   | Entered the Ecumenical Temple
  3542 | D:4      | Learned a level 4 spell: Animate Dead
  3638 | D:4      | Gained mutation: You have a pair of horns on your head.
                  | [demonic ancestry]
  3638 | D:4      | Reached XP level 6. HP: 35/41 MP: 11/11
  3858 | D:4      | Found a hide-covered altar of Uskayaw.
  3971 | D:4      | Found an ancient bone altar of Kikubaaqudgha.
  4057 | D:4      | Became a worshipper of Kikubaaqudgha
  4147 | D:4      | Reached skill level 5 in Spellcasting
  4259 | D:5      | Entered Level 5 of the Dungeon
  4449 | D:5      | Found a glowing drain.
  4454 | Sewer    | Entered a sewer
  4585 | Sewer    | Noticed Pargi
  4594 | Sewer    | Killed Pargi
  4595 | Sewer    | Gained mutation: You have a somewhat thin skeletal
                  | structure. (Dex +2, Stealth+) [demonic ancestry]
  4595 | Sewer    | Reached XP level 7. HP: 44/46 MP: 11/13
  5022 | D:5      | Reached skill level 1 in Armour
  5031 | D:5      | Reached * piety under Kikubaaqudgha
  5031 | D:5      | Received a gift from Kikubaaqudgha
  5294 | D:5      | Learned a level 2 spell: Cigotuvi's Dreadful Rot
  5300 | D:5      | Learned a level 5 spell: Agony
  5420 | D:5      | Found a broken altar of Ashenzari.
  5436 | D:5      | Learned a level 2 spell: Sublimation of Blood
  5549 | D:5      | Noticed Pikel
  5574 | D:5      | Succumbed to their own dark miasma

Illustrated notes

Levels and vault maps discovered:
D:1:      roderic_dead_forest, layout_basic
D:2:      layout_loops_ring, serial_shops, shop, shop_fountains, shop_fountains,
          nicolae_lakefront_shop, nicolae_shop_behind_doors
D:3:      layout_basic, nicolae_wu_jian_glorious_leap
D:4:      layout_loops_cross, kennysheep_mini_moat,
          mainiacjoe_overflow_tiny_flanked, minmay_temple_entry_mini_moons,
          gammafunk_ghost_necromancy
D:5:      kennysheep_kobold_camp, layout_cave_pools,
          ashenzari_conservatory_becter, gup_sewer_entry_bowl, uniq_sigmund,
          uniq_pikel
Temple:   bh_familiar_temple

Skill      XL: |  1  2  3  4  5  6  7 |
---------------+----------------------+-----
Spellcasting   | 3 4 5 6 |  6.2
Necromancy     | 5 6 |  6.8
Dodging        | 2 |  2.5
Stealth        | 2 |  2.3
Armour         | 1 |  1.8

Action                     |  1- 3 |  4- 6 |  7- 9 || total
---------------------------+-------+-------+-------++-------
  Melee: Spear             |    17 |       |       ||    17
         Dagger            |    14 |   156 |    92 ||   262
         Headbutt          |     2 |    29 |    21 ||    52
         Punch             |       |     2 |     3 ||     5
   Cast: Necrotise         |    53 |    53 |    40 ||   146
         Vampiric Draining |       |     9 |     7 ||    16
         Animate Dead      |       |     1 |       ||     1
         Cigotuvi's Dreadf |       |       |     1 ||     1
    Use: Scroll            |     6 |    10 |     1 ||    17
         Potion            |     2 |     1 |       ||     3
   Stab: Sleeping          |     1 |     3 |       ||     4
 Armour: Robe              |     3 |    31 |       ||    34
         Troll leather arm |       |       |    20 ||    20
  Dodge: Dodged            |    24 |    92 |    58 ||   174

Table legend: (Time is in decaauts)
 A = Elapsed time spent in this place.
 B = Non-inter-level travel time spent in this place.
 C = Inter-level travel time spent in this place.
 D = Time resting spent in this place.
 E = Time spent auto-exploring this place.
 F = Levels seen in this place.
 G = Mean time per level.
                   A        B        C        D        E       F      G
               +--------+--------+--------+--------+--------+-----+--------+
         Total |   5539 |   5396 |    143 |   1059 |   3181 |   7 |  791.3 |
       Dungeon |   5089 |   4966 |    123 |    978 |   2905 |   5 | 1017.8 |
        Temple |    274 |    254 |     20 |     81 |    166 |   1 |  274.0 |
         Sewer |    174 |    174 |      0 |      0 |    110 |   1 |  174.0 |
               +--------+--------+--------+--------+--------+-----+--------+

Top non-repeatable levels by time:
     D:1: 1259 daAuts
     D:4: 1154 daAuts
     D:3: 991 daAuts
     D:5: 962 daAuts
     D:2: 722 daAuts
  Temple: 274 daAuts
   Sewer: 174 daAuts
